 Dungeon Crawl Stone Soup version 0.27.0-1-g7a089689b8 (webtiles) character file.

Game seed: 782216547333302374

46 Strat the Skirmisher (level 3, -2/42 HPs)
             Began as an Ogre Delver on Aug 6, 2021.
             Killed by nerve-wracking pain
             ... invoked by a shadow imp
              (3 damage)
             ... on level 5 of the Dungeon.
             The game lasted 00:02:38 (625 turns).

Strat the Skirmisher (Ogre Delver)                   Turns: 625, Time: 00:02:39

Health: -2/42      AC:  3    Str: 17    XL:     3   Next: 66%
Magic:  3/3        EV:  9    Int: 11    God:
Gold:   0          SH:  0    Dex: 10    Spells: 2/2 levels left

rFire    . . .     SeeInvis .   a - +0 hand axe
rCold    . . .     Faith    .   (no shield)
rNeg     . . .     Spirit   .   b - +0 robe
rPois    .         Reflect  .   (helmet restricted)
rElec    .         Harm     .   (no cloak)
rCorr    .         Rampage  .   (gloves unavailable)
Will     .....                  (boots unavailable)
Stlth    ++........             (no amulet)
HPRegen  0.14/turn              (no ring)
MPRegen  0.08/turn              (no ring)

@: no status effects
A: large, unfitting armour, tough skin 1
a: no special abilities


You were on level 5 of the Dungeon.
You visited 1 branch of the dungeon, and saw 2 of its levels.

Inventory:

Hand Weapons
 a - a +0 hand axe (weapon)
Missiles
 h - 25 sling bullets
Armour
 b - a +0 robe (worn)
Wands
 g - a wand of digging (3)
Scrolls
 c - a scroll of fog
 d - a scroll of magic mapping
 e - a scroll of fear
Potions
 f - a potion of haste


   Skills:
 + Level 5.1 Fighting
 + Level 3.1 Axes
 - Level 1.7 Dodging
 - Level 3.7 Stealth


You had 2 spell levels left.
You didn't know any spells.
Your spell library was empty.

Dungeon Overview and Level Annotations

Branches:
Dungeon (5/15)
 Temple: D:4-7

Altars:


Innate Abilities, Weirdness & Mutations

You are too large for most types of armour.
You have tough skin. (AC +1)


Message History

* * * LOW HITPOINT WARNING * * *
You climb downwards.
There is a stone staircase leading up here.
You closely miss the shadow imp.
The shadow imp is heavily wounded.
You hit the endoplasm. You hit the scorpion.
The scorpion stings you but does no damage.
The endoplasm freezes you.
You are frozen.
* * * LOW HITPOINT WARNING * * *
The shadow imp barely misses you.
You hit the scorpion but do no damage.
The scorpion is moderately wounded.
You hit the endoplasm.
You kill the endoplasm!
You closely miss the shadow imp. The scorpion stings you.
* * * LOW HITPOINT WARNING * * *
The shadow imp hits you.
* * * LOW HITPOINT WARNING * * *
The scorpion barely misses you.
You closely miss the scorpion.
The scorpion is moderately wounded.
You hit the shadow imp.
The shadow imp hits you but does no damage.
The scorpion barely misses you.
You slash the scorpion!
The scorpion is severely wounded.
You hit the shadow imp but do no damage.
The shadow imp gestures at you. Pain shoots through your body!
* * * LOW HITPOINT WARNING * * *
The scorpion completely misses you.
You closely miss the scorpion.
The scorpion is severely wounded.
You hit the shadow imp but do no damage.
The scorpion barely misses you. The shadow imp barely misses you.
The scorpion barely misses you. The shadow imp gestures at you.
Pain shoots through your body!
You die...

### ###.#.#.##
.#...#+ #.
#.#.#..###.....###
#.
#.#.#.............
##
#...........8.....
###.##............
#.######.....## #
#.# ##..#...#..# ≈
#.# #s5.#...# .##
#.# #@.##...#


PP# #.# #### ...########## P≈## #.# ####.........
PPP#########.#################### PP≈..............................
≈≈..############################# ≈P..# ....# ##### You could see a scorpion and
a shadow imp.

Vanquished Creatures
  A bullfrog zombie (D:5)
  An adder (D:5)
  An adder skeleton (D:5)
  An endoplasm (D:5)
  A quokka (D:5)
5 creatures vanquished.

Notes
Turn   | Place    | Note
-------+----------+-------------------------------------------
     0 | D:5      | Strat the Ogre Delver began the quest for the Orb.
     0 | D:5      | Reached XP level 1. HP: 24/24 MP: 1/1
   168 | D:5      | Reached XP level 2. HP: 30/33 MP: 2/2
   278 | D:5      | Reached skill level 5 in Fighting
   278 | D:5      | Reached XP level 3. HP: 11/42 MP: 3/3
   501 | D:5      | Noticed a lemure
   501 | D:5      | Noticed a lemure
   614 | D:4      | Noticed a scorpion
   624 | D:5      | HP: 1/42 [shadow imp/nerve-wracking pain (9)]
   625 | D:5      | Killed from afar by a shadow imp

Illustrated notes

Levels and vault maps discovered:
D:4:      corexii_shack_village, layout_basic
D:5:      layout_basic, serial_bayou_pond_e, minmay_misc_feat_iff,
          eino_tiny_chamber, grunt_ministairs_6, grunt_decor_one_mirror,
          nicolae_wooded_promenade, minmay_misc_feat_room,
          serial_bayou_lagoon_a, lightli_corner_chamber, uniq_duvessa,
          uniq_pikel

Skill      XL: |  1  2 |
---------------+-------+-----
Fighting       | 5 |  5.1
Axes           | 3 |  3.1
Dodging        | |  1.7
Stealth        | |  3.7

Action                   || total
-------------------------++-------
Melee: Hand axe          ||    27
Armor: Robe              ||     7
Dodge: Dodged            ||    19
